 Dungeon Crawl Stone Soup version 0.22.0-2-ge58baed0e8 (webtiles) character file.

4994 electrickoto the Magician (level 10, -11/78 (79) HPs)
             Began as a Gnoll Skald on Aug 13, 2018.
             Was a Believer of Okawaru.
             Mangled by a two-headed ogre
             ... wielding a +0 giant spiked club
              (18 damage)
             ... on level 9 of the Dungeon.
             The game lasted 00:19:18 (8501 turns).

electrickoto the Magician (Gnoll Skald)             Turns: 8501, Time: 00:19:19

HP:   -11/78 (79)   AC: 10    Str: 14    XL:     10   Next: 54%
MP:   16/21         EV: 15    Int: 23    God:    Okawaru [**....]
Gold: 441           SH:  0    Dex: 17    Spells: 12/23 levels left

rFire    . . .     SeeInvis .   b - +2 hand axe (freeze)
rCold    . . .     Gourm    .   (no shield)
rNeg     . . .     Faith    .   F - +0 ring mail (curse)
rPois    .         Spirit   .   o - +0 helmet
rElec    .         Reflect  .   k - +0 cloak
rCorr    .         Harm     .   i - +0 pair of gloves
MR       .....                  (no boots)
Stlth    +++.......             (no amulet)
HPRegen  0.23/turn              j - +5 ring of intelligence
MPRegen  0.17/turn              (no ring)

@: singing, drained
A: distributed training, fangs 1, thin skeletal structure 1, blurry vision 1,
clever 1, weak 1, strong nose
a: Heroism, Renounce Religion


You were on level 9 of the Dungeon.
You worshipped Okawaru.
Okawaru was pleased with you.
You were not hungry.

You visited 2 branches of the dungeon, and saw 10 of its levels.

You collected 560 gold pieces.
You spent 119 gold pieces at shops.

Inventory:

Hand Weapons
 b - a +2 hand axe of freezing (weapon)
 e - the +1 dire flail "Banwouva" {drain, +Blink +Inv rElec Dex-4}
   (You took it off an ogre on level 3 of the Dungeon)

   A truly terrible weapon, it drains the life of those it strikes.
   It affects your dexterity (-4).
   It insulates you from electricity.
   It lets you turn invisible.
   It lets you blink.
Armour
 i - a +0 pair of gloves (worn)
 k - a +0 cloak (worn)
 o - a +0 helmet (worn)
 F - a cursed +0 ring mail (worn)
Jewellery
 j - a +5 ring of intelligence (left hand)
 x - an uncursed ring of protection from cold {unknown}
Wands
 l - a wand of flame (48)
 r - a wand of polymorph (11)
 t - a wand of digging (20)
Scrolls
 a - 4 scrolls of remove curse
 c - 2 scrolls of enchant armour {unknown}
 f - 4 scrolls of enchant weapon
 g - a scroll of blinking {unknown}
 n - 2 scrolls of amnesia
 q - 5 scrolls of teleportation
 s - a scroll of random uselessness {unknown}
 v - a scroll of fog {unknown}
 w - a scroll of acquirement {unknown}
 y - 2 scrolls of identify
 E - a scroll of torment {unknown}
Potions
 h - 2 potions of heal wounds
 m - a potion of might
 p - a potion of magic {unknown}
 u - a potion of agility
 A - a potion of brilliance
 B - a potion of lignification {unknown}
 C - a potion of curing {unknown}
 D - a potion of cancellation {unknown}
Comestibles
 d - 17 rations
 z - 4 chunks of flesh


   Skills:
 + Level 7.1(6.8) Fighting
 + Level 5.3(5.1) Short Blades
 + Level 7.1(6.8) Long Blades
 + Level 5.3(5.1) Axes
 + Level 5.3(5.1) Maces & Flails
 + Level 5.3(5.1) Polearms
 + Level 5.3(5.1) Staves
 + Level 5.3(5.1) Slings
 + Level 5.3(5.1) Bows
 + Level 5.3(5.1) Crossbows
 + Level 5.3(5.1) Throwing
 + Level 5.9(5.7) Armour
 + Level 7.1(6.8) Dodging
 + Level 5.3(5.1) Stealth
 + Level 5.3(5.1) Shields
 + Level 5.3(5.1) Unarmed Combat
 + Level 7.3(7.1) Spellcasting
 + Level 4.3(4.1) Conjurations
 + Level 4.3(4.1) Hexes
 + Level 7.1(6.9) Charms
 + Level 4.3(4.1) Summonings
 + Level 4.3(4.1) Necromancy
 + Level 4.3(4.1) Translocations
 + Level 4.3(4.1) Transmutations
 + Level 4.3(4.1) Fire Magic
 + Level 4.3(4.1) Ice Magic
 + Level 4.3(4.1) Air Magic
 + Level 4.3(4.1) Earth Magic
 + Level 4.3(4.1) Poison Magic
 + Level 5.8(5.6) Invocations
 + Level 5.3(5.1) Evocations


You had 12 spell levels left.
You knew the following spells:

 Your Spells              Type           Power        Failure   Level  Hunger
a - Infusion              Chrm           ####         1%          1    None
b - Shroud of Golubria    Chrm/Tloc      ####......   2%          2    None
c - Regeneration          Chrm/Necr      ####......   4%          3    None
d - Song of Slaying       Chrm           #####...     1%          2    None
e - Spectral Weapon       Hex/Chrm       ####....     4%          3    None

Your spell library contained the following spells:

 Spells                   Type           Power        Failure   Level  Hunger


Dungeon Overview and Level Annotations

Branches:
Dungeon (9/15)             Temple (1/1) D:5            Lair (0/6) D:9
    Orc: D:9-12

Altars:
Ashenzari
Cheibriados
Dithmenos
Elyvilon
Fedhas
Gozag
Hepliaklqana
Kikubaaqudgha
Makhleb
Nemelex Xobeh
Okawaru
Qazlal
Ru
Sif Muna
Trog
Uskayaw
Vehumet
Wu Jian
Xom
Yredelemnul
Zin
The Shining One

Shops:
D:7 [


Innate Abilities, Weirdness & Mutations

Your experience applies equally to all skills.
You have very sharp teeth.
Your uncanny sense of smell can sniff out nearby items.
You have a somewhat thin skeletal structure. (Dex +2, Stealth)
Scrolls take you a little longer to read.
Your mind is acute. (Int +2)
You are weak. (Str -2)


Message History

You hit the two-headed ogre but do no damage.
Your spectral weapon hits the wight but does no damage.
Your spectral weapon hits the wight.
The wight hits you but does no damage.
The wight closely misses your spectral weapon.
The wight closely misses you. The two-headed ogre barely misses you.
The two-headed ogre hits you with a giant club!
You hit the wight but do no damage. You bite the wight, but do no damage.
The wight is severely damaged.
You barely miss the two-headed ogre. You hit the wight but do no damage.
Your spectral weapon hits the wight.
You destroy the wight!
Okawaru accepts your kill.
Your spectral weapon hits the wight but does no damage.
The wight closely misses you.
The wight hits your spectral weapon with a battleaxe!
Your spectral weapon shares its damage with you!
The two-headed ogre hits you with a giant spiked club!!
* * * LOW HITPOINT WARNING * * *
The two-headed ogre hits you with a giant club!!
You die...

... ∆ .. .. .. ... . .
..... ... z####[....
.... #.......... .....
#zz.........
.....##@(..........
......O............
......h............
...................
.................#
.................####
.......[............
.......###........######
.......###.#+#..........


You could see a two-headed ogre, a hell hound, 3 wights and a friendly spectral
hand axe of freezing.

Vanquished Creatures
  A two-headed ogre (D:8)
  A troll (D:9)
  The ghost of Stone the Shield-Bearer, an amateur FoFi (D:3)
  Prince Ribbit (D:9)
  A hornet (D:8)
  A hippogriff (D:8)
  A spriggan (D:8)
  A hungry ghost (D:8)
  An orc warrior (D:7)
  2 necrophages
  An ice beast (D:5)
  2 sky beasts (D:6)
  5 centaurs
  2 ogres (D:3)
  A crocodile (D:8)
  4 bullfrogs
  A wyvern skeleton (D:8)
  A wyvern zombie (D:6)
  4 scorpions
  3 killer bees (D:8)
  A wight (D:9)
  3 crimson imps (D:8)
  A bullfrog zombie (D:5)
  2 hounds
  3 jellies
  Crazy Yiuf (D:2)
  A bullfrog skeleton (D:6)
  2 orc priests (D:5)
  A centaur skeleton (D:4)
  2 human zombies (D:5)
  Natasha (thrice) (D:4)
  2 iguanas
  4 worker ants
  4 orc wizards
  A killer bee zombie (D:7)
  A hound zombie (D:5)
  A worker ant zombie (D:6)
  Robin (D:3)
  11 adders
  5 shadow imps
  2 oozes (D:5)
  An adder skeleton (D:6)
  3 worms
  5 dart slugs
  3 leopard geckos
  31 orcs
  3 ball pythons (D:2)
  6 bats
  3 giant cockroaches
  23 goblins
  5 hobgoblins
  15 jackals
  2 kobolds
  3 quokkas
  6 frilled lizards
  A jackal skeleton (D:5)
  A leopard gecko skeleton (D:7)
  A quokka skeleton (D:4)
  3 quokka zombies
  13 rats
215 creatures vanquished.

Vanquished Creatures (others)
  2 spectral weapons
2 creatures vanquished.

Grand Total: 217 creatures vanquished

Notes
Turn   | Place    | Note
-------+----------+-------------------------------------------
     0 | D:1      | electrickoto the Gnoll Skald began the quest for the Orb.
     0 | D:1      | Reached XP level 1. HP: 20/20 MP: 6/6
   111 | D:1      | Reached XP level 2. HP: 15/26 MP: 7/7
   120 | D:1      | Learned a level 2 spell: Shroud of Golubria
   737 | D:2      | Reached XP level 3. HP: 31/31 MP: 9/9
   742 | D:2      | Reached skill level 5 in Spellcasting
   755 | D:2      | Learned a level 3 spell: Regeneration
   758 | D:2      | Learned a level 2 spell: Song of Slaying
   762 | D:2      | Learned a level 3 spell: Spectral Weapon
   816 | D:2      | Reached skill level 1 in Invocations
  1129 | D:2      | Reached skill level 1 in Short Blades
  1129 | D:2      | Reached skill level 1 in Axes
  1129 | D:2      | Reached skill level 1 in Maces & Flails
  1129 | D:2      | Reached skill level 1 in Polearms
  1129 | D:2      | Reached skill level 1 in Staves
  1129 | D:2      | Reached skill level 1 in Slings
  1129 | D:2      | Reached skill level 1 in Bows
  1129 | D:2      | Reached skill level 1 in Crossbows
  1129 | D:2      | Reached skill level 1 in Throwing
  1129 | D:2      | Reached skill level 1 in Stealth
  1129 | D:2      | Reached skill level 1 in Shields
  1129 | D:2      | Reached skill level 1 in Unarmed Combat
  1129 | D:2      | Reached skill level 1 in Evocations
  1198 | D:2      | Reached XP level 4. HP: 33/38 MP: 9/11
  1290 | D:2      | Found a runed door.
  1294 | D:2      | Noticed Crazy Yiuf
  1306 | D:2      | Killed Crazy Yiuf
  1306 | D:2      | Reached skill level 1 in Conjurations
  1306 | D:2      | Reached skill level 1 in Hexes
  1306 | D:2      | Reached skill level 1 in Summonings
  1306 | D:2      | Reached skill level 1 in Necromancy
  1306 | D:2      | Reached skill level 1 in Translocations
  1306 | D:2      | Reached skill level 1 in Transmutations
  1306 | D:2      | Reached skill level 1 in Fire Magic
  1306 | D:2      | Reached skill level 1 in Ice Magic
  1306 | D:2      | Reached skill level 1 in Air Magic
  1306 | D:2      | Reached skill level 1 in Earth Magic
  1306 | D:2      | Reached skill level 1 in Poison Magic
  1712 | D:3      | Found a shimmering altar of Xom.
  1931 | D:3      | Reached XP level 5. HP: 43/43 MP: 12/12
  2197 | D:3      | Noticed Robin
  2202 | D:3      | Killed Robin
  2310 | D:3      | Gained mutation: Your magical capacity is low. (-10% MP) [potion of mutation]
  2310 | D:3      | Gained mutation: Your mind is acute. (Int +2) [potion of mutation]
  2310 | D:3      | Gained mutation: You are somewhat resistant to further mutation. [potion of mutation]
  2344 | D:3      | Found a transporter.
  2344 | D:3      | Noticed an ogre
  2345 | D:3      | Noticed Stone's ghost (amateur FoFi)
  2348 | D:3      | Noticed an ogre
  2353 | D:3      | Found a transporter.
  2660 | D:3      | Killed Stone's ghost
  2660 | D:3      | Reached skill level 5 in Fighting
  2660 | D:3      | Reached skill level 5 in Long Blades
  2660 | D:3      | Reached skill level 5 in Dodging
  2660 | D:3      | Reached XP level 6. HP: 34/51 MP: 2/12
  2768 | D:3      | Reached XP level 7. HP: 56/56 MP: 3/13
  2780 | D:3      | Got a steaming dire flail {drain}
  2781 | D:3      | Identified the +1 dire flail "Banwouva" {drain, +Blink +Inv rElec Dex-4} (You took it off an ogre on level 3 of the Dungeon)
  2839 | D:4      | Noticed Natasha
  2843 | D:4      | Killed Natasha
  3266 | D:4      | Noticed Natasha
  3274 | D:4      | Killed Natasha
  3296 | D:4      | Found a sparkling altar of Nemelex Xobeh.
  3372 | D:4      | Noticed Natasha
  3385 | D:4      | Killed Natasha
  3576 | D:5      | Entered Level 5 of the Dungeon
  3576 | D:5      | Found a staircase to the Ecumenical Temple.
  3585 | D:5      | Reached XP level 8. HP: 62/63 MP: 10/15
  3631 | Temple   | Entered the Ecumenical Temple
  5070 | D:6      | Reached XP level 9. HP: 63/69 MP: 16/16
  5108 | D:6      | Found a shattered altar of Ashenzari.
  5821 | D:7      | Lost mutation: Your magical capacity is low. (-10% MP) [potion of mutation]
  5821 | D:7      | Lost mutation: You are somewhat resistant to further mutation. [potion of mutation]
  5821 | D:7      | Gained mutation: Scrolls take you a little longer to read. [potion of mutation]
  5821 | D:7      | Gained mutation: You are weak. (Str -2) [potion of mutation]
  5821 | D:7      | Gained mutation: You have a somewhat thin skeletal structure. (Dex +2, Stealth) [potion of mutation]
  5878 | D:7      | Reached skill level 5 in Armour
  6033 | D:7      | Found Muhuaf's Antique Armour Boutique.
  6040 | D:7      | Bought a shiny ring mail for 119 gold pieces
  6432 | D:7      | Found a sacrificial altar of Ru.
  6432 | D:7      | Found a snail-covered altar of Cheibriados.
  6432 | D:7      | Found an iron altar of Okawaru.
  6452 | D:7      | Became a worshipper of Warmaster Okawaru
  6901 | D:8      | Noticed a two-headed ogre
  6932 | D:8      | Killed a two-headed ogre
  6932 | D:8      | Reached skill level 5 in Invocations
  7119 | D:8      | Reached XP level 10. HP: 31/77 MP: 20/20
  7334 | D:8      | Reached * piety under Okawaru
  7621 | D:8      | Reached skill level 5 in Short Blades
  7621 | D:8      | Reached skill level 5 in Axes
  7621 | D:8      | Reached skill level 5 in Maces & Flails
  7621 | D:8      | Reached skill level 5 in Polearms
  7621 | D:8      | Reached skill level 5 in Staves
  7621 | D:8      | Reached skill level 5 in Slings
  7621 | D:8      | Reached skill level 5 in Bows
  7621 | D:8      | Reached skill level 5 in Crossbows
  7621 | D:8      | Reached skill level 5 in Throwing
  7621 | D:8      | Reached skill level 5 in Stealth
  7621 | D:8      | Reached skill level 5 in Shields
  7621 | D:8      | Reached skill level 5 in Unarmed Combat
  7621 | D:8      | Reached skill level 5 in Evocations
  8399 | D:9      | Found a staircase to the Lair.
  8414 | D:9      | Noticed Prince Ribbit
  8425 | D:9      | Killed Prince Ribbit
  8425 | D:9      | Reached ** piety under Okawaru
  8497 | D:9      | Noticed a two-headed ogre
  8501 | D:9      | Mangled by a two-headed ogre

Skill      XL: |  1  2  3  4  5  6  7  8  9 10 |
---------------+-------------------------------+-----
Spellcasting   | 5 6 7 |  7.3
Invocations    | 1 2 3 4 5 |  5.8
Short Blades   | 1 2 3 4 5 |  5.3
Axes           | 1 2 3 4 5 |  5.3
Maces & Flails | 1 2 3 4 5 |  5.3
Polearms       | 1 2 3 4 5 |  5.3
Staves         | 1 2 3 4 5 |  5.3
Slings         | 1 2 3 4 5 |  5.3
Bows           | 1 2 3 4 5 |  5.3
Crossbows      | 1 2 3 4 5 |  5.3
Throwing       | 1 2 3 4 5 |  5.3
Stealth        | 1 2 3 4 5 |  5.3
Shields        | 1 2 3 4 5 |  5.3
Unarmed Combat | 1 2 3 4 5 |  5.3
Evocations     | 1 2 3 4 5 |  5.3
Conjurations   | 1 2 3 4 |  4.3
Hexes          | 1 2 3 4 |  4.3
Summonings     | 1 2 3 4 |  4.3
Necromancy     | 1 2 3 4 |  4.3
Translocations | 1 2 3 4 |  4.3
Transmutations | 1 2 3 4 |  4.3
Fire Magic     | 1 2 3 4 |  4.3
Ice Magic      | 1 2 3 4 |  4.3
Air Magic      | 1 2 3 4 |  4.3
Earth Magic    | 1 2 3 4 |  4.3
Poison Magic   | 1 2 3 4 |  4.3
Armour         | 3 4 5 |  5.9
Fighting       | 5 6 7 |  7.1
Long Blades    | 5 6 7 |  7.1
Dodging        | 5 6 7 |  7.1
Charms         | 6 7 |  7.1

Action                   |  1- 3 |  4- 6 |  7- 9 | 10-12 || total
-------------------------+-------+-------+-------+-------++-------
Melee: Falchion          |    93 |    16 |       |       ||   109
       Bite              |    15 |     8 |    51 |    10 ||    84
       Quarterstaff      |       |    72 |     3 |       ||    75
       Dire flail        |       |       |   114 |       ||   114
       Hand axe          |       |       |   320 |   121 ||   441
       Punch             |       |       |     8 |     1 ||     9
 Cast: Shroud of Golubri |     3 |     5 |     9 |     1 ||    18
       Infusion          |     1 |       |       |       ||     1
       Regeneration      |     1 |     3 |    14 |     4 ||    22
       Song of Slaying   |       |     4 |     7 |     5 ||    16
       Spectral Weapon   |       |     4 |     3 |     5 ||    12
Evoke: Wand              |       |       |     1 |       ||     1
  Use: Scroll            |       |     4 |     5 |       ||     9
       Potion            |       |     3 |     2 |     1 ||     6
 Stab: Sleeping          |     3 |     4 |     7 |     1 ||    15
       Paralysed         |       |       |     1 |       ||     1
       Distracted        |       |       |     1 |     2 ||     3
  Eat: Chunk             |     1 |     4 |    12 |     4 ||    21
       Ration            |       |     1 |       |     1 ||     2
Armor: Leather armour    |    22 |    16 |    15 |       ||    53
       Ring mail         |       |       |   122 |    49 ||   171
Dodge: Dodged            |    73 |    83 |   329 |    78 ||   563
       Rpst.: Falchion   |    21 |     3 |       |       ||    24
